 Dungeon Crawl Stone Soup version 0.24-a0-497-g5a03d68f59 (webtiles) character file.

Game seed: 4618057731665986686

75 Arthanis the Firebug (level 4, -3/24 HPs)
             Began as a Deep Elf Fire Elementalist on July 13, 2019.
             Slain by Natasha (7 damage)
             ... on level 3 of the Dungeon.
             The game lasted 00:03:02 (1088 turns).

Arthanis the Firebug (Deep Elf Fire Elementalist)   Turns: 1088, Time: 00:03:02

Health: -3/24      AC:  2    Str:  5    XL:     4   Next: 11%
Magic:  6/11       EV: 13    Int: 21    God:
Gold:   127        SH:  0    Dex: 13    Spells: 2/10 levels left

rFire    + . .     SeeInvis .   b - +0 short sword
rCold    + . .     Gourm    +   (no shield)
rNeg     . . .     Faith    .   a - +0 robe
rPois    .         Spirit   .   (no helmet)
rElec    .         Reflect  .   h - scarf {rC+ rF+}
rCorr    .         Harm     .   (no gloves)
MR       .....                  (no boots)
Stlth    ++........             i - amulet of the gourmand
HPRegen  0.08/turn              l - -2 ring of dexterity (curse)
MPRegen  0.12/turn              (no ring)

@: no status effects
A: no striking features
a: no special abilities


You were on level 3 of the Dungeon.
You were completely stuffed.

You visited 1 branch of the dungeon, and saw 3 of its levels.

You collected 127 gold pieces.

Inventory:

Hand Weapons
 b - a +0 short sword (weapon)
Armour
 a - a +0 robe (worn)
 h - a scarf of resistance (worn)
Jewellery
 i - an amulet of the gourmand (around neck)
 l - a cursed -2 ring of dexterity (left hand)
Scrolls
 g - 3 scrolls of identify {unknown}
 k - 2 scrolls of enchant weapon {unknown}
 n - 3 scrolls of remove curse {unknown}
 o - a scroll of amnesia {unknown}
Potions
 d - a potion of degeneration {unknown}
 e - 2 potions of might {unknown}
 f - 2 potions of ambrosia {unknown}
 j - a potion of flight {unknown}
 p - a potion of lignification {unknown}
Comestibles
 c - 3 rations


   Skills:
 - Level 2.4 Dodging
 - Level 2.4 Stealth
 + Level 3.7 Spellcasting
 * Level 2.8 Conjurations
 * Level 4.3 Fire Magic


You had 2 spell levels left.
You knew the following spells:

 Your Spells              Type           Power        Failure   Level  Hunger
a - Flame Tongue          Conj/Fire      ###..        2%          1    None
b - Conjure Flame         Conj/Fire      ###.....     9%          3    ###....
c - Sticky Flame          Conj/Fire      ###.....     28%         4    ####...

Your spell library contained the following spells:

 Spells                   Type           Power        Failure   Level  Hunger
 Throw Flame              Conj/Fire      ###...       4%          2    ##.....
 Inner Flame              Hex/Fire       ##......     16%         3    ###....
 Fireball                 Conj/Fire      ###.......   61%         5    ######.


Dungeon Overview and Level Annotations

Branches:
Dungeon (3/15)

Altars:
Trog

Annotations:
D:3 Natasha


Message History

Natasha is moderately wounded.
The orc hits you. Natasha claws you.
* * * LOW HITPOINT WARNING * * *
Casting: Flame Tongue (safe; 2% risk of failure)
Confirm with . or Enter, or press ? or * to list all spells.
Aiming: Flame Tongue (safe; 2% risk of failure)
Press: ? - help, Shift-Dir - straight line, f/p - Natasha
Aim: Natasha (moderately wounded)
The flame tongue misses Natasha.
The orc hits you.
* * * LOW HITPOINT WARNING * * *
Natasha misses you.
Casting: Flame Tongue (safe; 2% risk of failure)
Confirm with . or Enter, or press ? or * to list all spells.
Aiming: Flame Tongue (safe; 2% risk of failure)
Press: ? - help, Shift-Dir - straight line, f/p - Natasha
Aim: Natasha (moderately wounded)
The flame tongue hits Natasha.
Natasha is heavily wounded.
Natasha claws you!
You die...

########.## #........#
#.# #####.#### #.# #.#
##+# #.## #...# #..#
(....# #####.# .$....#
##.###)#
.......####...##.########
%.....oh@................
......5####...##.#######.
......# ##.###.# .....#
### #.# #...# #.# ##+#
..# ###


You could see Natasha, a shadow imp and an orc.

Vanquished Creatures
  Terence (D:2)
  An adder (D:2)
  A worm (D:2)
  3 dart slugs
  4 leopard geckos
  5 bats
  A goblin (D:2)
  3 hobgoblins (D:2)
  3 jackals (D:1)
  2 kobolds
  A quokka (D:2)
  3 rats
28 creatures vanquished.

Notes
Turn   | Place    | Note
-------+----------+-------------------------------------------
     0 | D:1      | Arthanis the Deep Elf Fire Elementalist began the quest for
                  | the Orb.
     0 | D:1      | Reached XP level 1. HP: 10/10 MP: 6/6
   112 | D:1      | Reached XP level 2. HP: 15/15 MP: 6/8
   531 | D:2      | Found a bloodstained altar of Trog.
   627 | D:2      | Reached XP level 3. HP: 19/19 MP: 7/9
   636 | D:2      | Learned a level 3 spell: Conjure Flame
   679 | D:2      | Noticed Terence
   686 | D:2      | Killed Terence
   686 | D:2      | Reached skill level 4 in Fire Magic
   745 | D:2      | Reached XP level 4. HP: 24/24 MP: 6/11
   751 | D:2      | Learned a level 4 spell: Sticky Flame
   934 | D:2      | Noticed a phantom
  1029 | D:3      | Noticed Natasha
  1088 | D:3      | Slain by Natasha

Levels and vault maps discovered:
D:1:      lightli_iron_boxes, layout_rooms
D:2:      layout_loops_corners, bloody_trog, uniq_terence,
          uniq_crazy_yiuf_cottage, uniq_sigmund
D:3:      layout_loops_corners, first_ration, uniq_natasha

Skill      XL: |  1  2  3 |
---------------+----------+-----
Conjurations   | 2 |  2.8
Fire Magic     | 4 |  4.3
Dodging        | |  2.4
Stealth        | |  2.4
Spellcasting   | |  3.7

Action                   |  1- 3 |  4- 6 || total
-------------------------+-------+-------++-------
Melee: Short sword       |     4 |     1 ||     5
 Cast: Flame Tongue      |    41 |    17 ||    58
 Stab: Sleeping          |     3 |       ||     3
  Eat: Chunk             |    13 |     1 ||    14
Armor: Robe              |     4 |     1 ||     5
Dodge: Dodged            |    12 |     5 ||    17

Table legend:
 A = Non-vault XP
 B = Vault XP
 C = Vault XP percentage of total XP
 D = Non-vault monster count
 E = Vault monster count
 F = Vault count percentage of total count
                 A         B        C        D         E       F
            +---------+---------+-------+---------+---------+-------
      Total |      72 |      36 |  33.3 |      27 |       1 |   3.6
            +---------+---------+-------+---------+---------+-------
        D:1 |      25 |       0 |   0.0 |      11 |       0 |   0.0
        D:2 |      46 |      36 |  43.9 |      15 |       1 |   6.2
        D:3 |       1 |       0 |   0.0 |       1 |       0 |   0.0
            +---------+---------+-------+---------+---------+-------
